 Dungeon Crawl Stone Soup version 0.28-a0-1632-g283549b12f (webtiles) character file.

Game seed: 14328618351534337655

30 Nattfarinn the Grave Robber (level 3, 0/16 HPs)
             Began as a Vine Stalker Necromancer on Jan 25, 2022.
             Slain by an adder (1 damage)
             ... on level 2 of the Dungeon.
             The game lasted 00:02:04 (1542 turns).

Nattfarinn the Grave Robber (VSNe)                  Turns: 1542, Time: 00:02:05

Health: 0/16       AC:  5    Str: 12    XL:     3   Next: 18%
Magic:  0/8        EV: 12    Int: 15    God:
Gold:   77         SH:  0    Dex: 14    Spells: 7/8 levels left

rFire   . . .      SeeInvis .   e - +0 dagger
rCold   . . .      Faith    .   (no shield)
rNeg    . . .      Spirit   +   a - +0 robe
rPois   .          Reflect  .   (no helmet)
rElec   .          Harm     .   b - +2 cloak
rCorr   .          Rampage  .   (no gloves)
Will    .....                   (no boots)
Stlth   ++........              (no amulet)
HPRegen 0.05/turn               (no ring)
MPRegen 0.11/turn               (no ring)

@: no status effects
A: fangs 2, magic shield, antimagic bite, no potion heal 2
a: no special abilities


You were on level 2 of the Dungeon.
You visited 1 branch of the dungeon, and saw 2 of its levels.

You collected 77 gold pieces.

Inventory:

Hand Weapons
 e - a +0 dagger (weapon)
Armour
 a - a +0 robe (worn)
 b - a +2 cloak (worn)
Scrolls
 d - 2 scrolls of identify {unknown}
Potions
 c - a potion of might {unknown}


   Skills:
 + Level 0.3 Short Blades
 - Level 1.6 Dodging
 - Level 2.4 Stealth
 * Level 3.2 Spellcasting
 + Level 4.2 Necromancy


You had 7 spell levels left.
You knew the following spells:

 Your Spells              Type           Power      Damage    Failure   Level
a - Pain                  Necr           60%        1d7       3%          1

Your spell library contained the following spells:

 Spells                   Type           Power      Damage    Failure   Level
 Animate Skeleton         Necr           30%        N/A       3%          1
 Vampiric Draining        Necr           15%        2d7       10%         3
 Animate Dead             Necr           7%         N/A       32%         4
 Agony                    Necr           15%        N/A       67%         5


Dungeon Overview and Level Annotations

Branches:
Dungeon (2/15)

Altars:


Innate Abilities, Weirdness & Mutations

You have extremely sharp teeth.
When hurt, damage is shared between your health and your magic reserves.
Your bite disrupts and absorbs the magic of your enemies.
Potions cannot restore your health.


Message History

You are poisoned.
The adder poisons you! The bat closely misses you.
You miss the adder.
The adder is moderately wounded.
You feel sick. The bat closely misses you. The adder bites you.
You hit the adder.
The adder is moderately wounded.
You feel sick. The adder bites you. The bat barely misses you.
You hit the adder but do no damage. You bite the adder, but do no damage.
The adder is moderately wounded.
You feel sick. The bat barely misses you. The adder bites you.
* * * LOW HITPOINT WARNING * * *
The bat hits you.
* * * LOW HITPOINT WARNING * * *
The adder closely misses you.
You barely miss the adder.
The adder is moderately wounded.
* * * LOW HITPOINT WARNING * * *
You feel sick. The bat hits you but does no damage. The adder misses you.
You hit the adder but do no damage.
The adder is moderately wounded.
The bat hits you. The adder bites you but does no damage.
You barely miss the adder.
The adder is moderately wounded.
* * * LOW HITPOINT WARNING * * *
You feel sick.
You are no longer poisoned.
The bat hits you but does no damage. The adder closely misses you.
Unknown command.
You hit the adder. Your bite misses the adder.
The adder is heavily wounded.
The bat hits you but does no damage. The adder bites you but does no damage.
The adder closely misses you.
You completely miss the adder. Your bite misses the adder.
The adder is heavily wounded.
The bat hits you. The bat closely misses you. The adder barely misses you.
You barely miss the adder.
The adder is heavily wounded.
The bat hits you but does no damage. The adder bites you.
You die...

##############
+...........>#####
##.....###......#
#...@.# #......#
#..bS.# #......#
#.....# #......#
#.....# #......#
####..###......#####
#$..........'...#
##.######...###.##
.# #..†# #.#. #...#
#.#)


You could see an adder and a bat.

Vanquished Creatures
  A dart slug (D:1)
  4 ball pythons
  3 endoplasms (D:1)
  2 giant cockroaches
  3 goblins
  3 hobgoblins (D:1)
  A quokka (D:1)
  4 bats (D:1)
  3 frilled lizards
  A kobold (D:1)
  2 rats (D:1)
27 creatures vanquished.

Notes
Turn   | Place    | Note
-------+----------+-------------------------------------------
     0 | D:1      | Nattfarinn the Vine Stalker Necromancer began the quest for
                  | the Orb.
     0 | D:1      | Reached XP level 1. HP: 9/9 MP: 4/4
   452 | D:1      | Reached XP level 2. HP: 10/13 MP: 2/6
  1021 | D:1      | Found a faded altar of an unknown god.
  1277 | D:1      | Reached XP level 3. HP: 14/16 MP: 8/8
  1542 | D:2      | Slain by an adder

Illustrated notes

Levels and vault maps discovered:
D:1:      lemuel_arrival_room, layout_basic,
          ebering_ecumenical_altar_sacrificial, minivault_26,
          lemuel_flame_loot_1
D:2:      layout_basic, minmay_tromino_v4_c

Skill      XL: |  1  2 |
---------------+-------+-----
Spellcasting   | 3 |  3.2
Short Blades   | |  0.3
Dodging        | |  1.6
Stealth        | |  2.4
Necromancy     | |  4.2

Action                   || total
-------------------------++-------
Melee: Unarmed           ||     9
       Bite              ||    16
       Punch             ||     1
       Dagger            ||    55
 Cast: Pain              ||    31
 Stab: Sleeping          ||     2
Armor: Robe              ||    29
Dodge: Dodged            ||    52

Table legend: (Time is in decaauts)
 A = Elapsed time spent in this place.
 B = Non-inter-level travel time spent in this place.
 C = Inter-level travel time spent in this place.
 D = Time resting spent in this place.
 E = Time spent auto-exploring this place.
 F = Levels seen in this place.
 G = Mean time per level.
                   A        B        C        D        E       F      G
               +--------+--------+--------+--------+--------+-----+--------+
         Total |   1540 |   1534 |      6 |      0 |   1326 |   2 |  770.0 |
       Dungeon |   1540 |   1534 |      6 |      0 |   1326 |   2 |  770.0 |
               +--------+--------+--------+--------+--------+-----+--------+

Top non-repeatable levels by time:
     D:1: 1433 daAuts
     D:2: 107 daAuts
